 Dungeon Crawl Stone Soup version 0.26.1-11-gd32895ea62 (webtiles) character file.

Game seed: 17494252059642672416

548 OdinFK the Grave Robber (level 7, -4/51 HPs)
             Began as a Mummy Necromancer on June 6, 2021.
             Slain by a gnoll
             ... wielding a +0 halberd
              (9 damage)
             ... on level 4 of the Dungeon.
             The game lasted 00:14:47 (2835 turns).

OdinFK the Grave Robber (Mummy Necromancer)         Turns: 2835, Time: 00:14:48

Health: -4/51      AC:  3    Str: 11    XL:     7   Next: 7%
Magic:  0/11       EV: 13    Int: 17    God:
Gold:   119        SH:  5    Dex: 12    Spells: 7/12 levels left

rFire    x . .     SeeInvis .   h - +3 hand axe
rCold    + . .     Faith    .   (no shield)
rNeg     + + +     Spirit   .   a - +0 robe
rPois    ∞         Reflect  +   (no helmet)
rElec    .         Harm     .   (no cloak)
rCorr    .         Rampage  .   b - +0 pair of gloves
Will     +....                  (no boots)
Stlth    ++........             g - amulet of reflection
HPRegen  0.17/turn              i - ring of willpower
MPRegen  0.12/turn              (no ring)

@: very slightly contaminated
A: no potions, fire vulnerability, cold resistance 1, negative energy resistance
3, torment resistance, unbreathing
a: no special abilities


You were on level 4 of the Dungeon.
You visited 1 branch of the dungeon, and saw 5 of its levels.

You collected 119 gold pieces.

Inventory:

Hand Weapons
 c - a +1 dagger of venom
 h - a +3 hand axe (weapon)
Missiles
 j - 5 silver boomerangs (quivered)
Armour
 a - a +0 robe (worn)
 b - a +0 pair of gloves (worn)
Jewellery
 g - an amulet of reflection (around neck)
 i - a ring of willpower (left hand)
Scrolls
 d - 2 scrolls of teleportation {unknown}
 e - a scroll of identify {unknown}
 f - 2 scrolls of remove curse {unknown}


   Skills:
 + Level 2.5 Fighting
 + Level 1.7 Short Blades
 + Level 2.8 Dodging
 - Level 1.5 Stealth
 - Level 3.0 Spellcasting
 + Level 7.0 Necromancy


You had 7 spell levels left.
You knew the following spells:

 Your Spells              Type           Power        Failure   Level
a - Pain                  Necr           100%         1%          1
b - Animate Skeleton      Necr           52%          1%          1
c - Vampiric Draining     Necr           13%          3%          3

Your spell library contained the following spells:

 Spells                   Type           Power        Failure   Level
 Animate Dead             Necr           13%          10%         4
 Agony                    Necr           26%          26%         5


Dungeon Overview and Level Annotations

Branches:
Dungeon (5/15)
 Temple: D:4-7

Altars:
Makhleb
Nemelex Xobeh
Okawaru
Qazlal
Xom


Innate Abilities, Weirdness & Mutations

You do not drink.
Your flesh is vulnerable to fire.
You are immune to poison.
Your flesh is cold resistant. (rC+)
You are immune to negative energy. (rN+++)
You are immune to unholy pain and torment.
You can survive without breathing.


Message History

Press: ? - help, Shift-Dir - straight line, f - gnoll
Aim: a gnoll, wielding a +0 halberd You miscast Vampiric Draining.
You are very lightly contaminated with residual magic.
Nothing appears to happen.
The gnoll hits you with a +0 halberd! The ball python completely misses you.
The ball python grabs you. The ball python constricts you.
The gnoll barely misses you.
You escape the ball python's grasp.
The gnoll closely misses you.
The gnoll hits you from afar with a +0 halberd!
* * * LOW HITPOINT WARNING * * *
The ball python bites you but does no damage.
The ball python closely misses you. The gnoll closely misses you.
The gnoll closely misses you.
You hit the gnoll.
The gnoll is moderately wounded.
You hit the ball python.
You kill the ball python!
You hit the gnoll but do no damage. The gnoll closely misses you.
The gnoll hits you from afar with a +0 halberd!
You die...

.# .# .#
##.#
##..##
##....###
#.gg....+
##gg†.###
##@#.#
### #


You could see a gnoll shaman and 3 gnolls.

Vanquished Creatures
  Grinder (D:3)
  An ogre (D:3)
  A hound (D:5)
  An orc priest (D:3)
  A centaur skeleton (D:4)
  A worker ant (D:4)
  3 adders
  A white imp (D:2)
  3 dart slugs
  4 leopard geckos
  11 orcs (D:3)
  8 bats
  4 giant cockroaches
  14 hobgoblins
  10 kobolds
  2 quokkas
  A ball python (D:4)
  7 frilled lizards
  12 goblins
  12 rats
98 creatures vanquished.

Notes
Turn   | Place    | Note
-------+----------+-------------------------------------------
     0 | D:1      | OdinFK the Mummy Necromancer began the quest for the Orb.
     0 | D:1      | Reached XP level 1. HP: 13/13 MP: 4/4
   312 | D:1      | Learned a level 1 spell: Animate Skeleton
   441 | D:1      | Reached XP level 2. HP: 18/20 MP: 2/5
   806 | D:1      | Reached skill level 1 in Fighting
   857 | D:1      | Reached XP level 3. HP: 26/26 MP: 5/7
   861 | D:1      | Learned a level 3 spell: Vampiric Draining
  1046 | D:2      | Found a shimmering altar of Xom.
  1159 | D:2      | Reached skill level 5 in Necromancy
  1210 | D:2      | Reached XP level 4. HP: 19/32 MP: 8/8
  1663 | D:2      | Found an iron altar of Okawaru.
  1674 | D:2      | Found a burning altar of Makhleb.
  1677 | D:2      | Found a stormy altar of Qazlal.
  1779 | D:3      | Reached XP level 5. HP: 37/37 MP: 9/9
  1865 | D:3      | Reached skill level 6 in Necromancy
  2084 | D:3      | Noticed an ogre
  2087 | D:3      | Noticed Grinder
  2099 | D:3      | Killed an ogre
  2187 | D:3      | Paralysed by Grinder for 5 turns
  2373 | D:3      | Killed Grinder
  2374 | D:3      | Reached skill level 1 in Short Blades
  2374 | D:3      | Reached XP level 6. HP: 9/44 MP: 10/10
  2564 | D:4      | Found a sparkling altar of Nemelex Xobeh.
  2708 | D:4      | Reached XP level 7. HP: 35/51 MP: 11/11
  2716 | D:4      | You fall into a shaft and drop 1 floor!
  2716 | D:5      | Entered Level 5 of the Dungeon
  2824 | D:5      | Reached skill level 7 in Necromancy
  2835 | D:4      | Slain by a gnoll

Illustrated notes

Levels and vault maps discovered:
D:1:      minmay_arrival_up_and_down, layout_loops_ring,
          chequers_serial_rivers_room_b, minmay_3d_cube
D:2:      layout_basic, minmay_overflow_temple_star_quad, old_standard_altar
D:3:      layout_loops_ring, uniq_grinder
D:4:      layout_loops_corners, kennysheep_mini_moat, vehumet_statue,
          overflow_temple_1_default
D:5:      layout_basic, minmay_temple_entry_wispy, eino_tiny_chamber,
          uniq_eustachio

Skill      XL: |  1  2  3  4  5  6  7 |
---------------+----------------------+-----
Spellcasting   | 3 |  3.0
Fighting       | 1 2 |  2.5
Dodging        | 2 |  2.8
Necromancy     | 5 6 7 |  7.0
Short Blades   | 1 |  1.7
Stealth        | |  1.5

Action                   |  1- 3 |  4- 6 |  7- 9 || total
-------------------------+-------+-------+-------++-------
Melee: Unarmed           |     4 |       |       ||     4
       Dagger            |    64 |   101 |       ||   165
       Hand axe          |       |     4 |     1 ||     5
Throw: Boomerang         |       |     2 |       ||     2
 Cast: Pain              |    51 |     5 |       ||    56
       Animate Skeleton  |     1 |       |       ||     1
       Vampiric Draining |     2 |     9 |     3 ||    14
 Stab: Sleeping          |     3 |     6 |       ||     9
       Distracted        |       |     1 |       ||     1
Armor: Robe              |    23 |    17 |     2 ||    42
Dodge: Dodged            |    45 |    58 |    11 ||   114
Block: Other             |       |    15 |     2 ||    17
       Reflection        |       |     2 |       ||     2
